 Dungeon Crawl Stone Soup version 0.27.1 (webtiles) character file.

Game seed: 13433682729177743083

1703 dtburroughs the Skirmisher (level 8, -5/106 (109) HPs)
             Began as a Minotaur Berserker on Aug 27, 2021.
             Was a Priest of Trog.
             Slain by a wight (7 damage)
             ... on level 7 of the Dungeon.
             The game lasted 00:09:34 (6079 turns).

dtburroughs the Skirmisher (Minotaur Berserker)     Turns: 6079, Time: 00:09:35

HP:   -5/106 (109)  AC: 17    Str: 22    XL:     8   Next: 73%
MP:   7/7           EV:  9    Int:  6    God:    Trog [***...]
Gold: 240           SH:  5    Dex: 16    Spells: 7/7 levels left

rFire    . . .     SeeInvis .   a - +0 hand axe
rCold    . . .     Faith    .   (no shield)
rNeg     . . .     Spirit   .   C - +0 plate armour
rPois    +         Reflect  +   (helmet restricted)
rElec    .         Harm     .   d - scarf {repulsion}
rCorr    .         Rampage  .   n - +0 pair of gloves
Will     .....                  f - +2 pair of boots {Fly}
Stlth    ..........             r - amulet of reflection
HPRegen  0.27/turn              o - ring of poison resistance
MPRegen  0.10/turn              c - +6 ring of dexterity

@: berserking, flying, lightly drained, repel missiles, very quick
A: horns 2, retaliatory headbutt
a: Renounce Religion, Berserk, Trog's Hand


You were on level 7 of the Dungeon.
You worshipped Trog.
Trog was most pleased with you.
You visited 1 branch of the dungeon, and saw 7 of its levels.

You collected 268 gold pieces.
You spent 28 gold pieces at shops.

Inventory:

Hand Weapons
 a - a +0 hand axe (weapon)
Armour
 d - a scarf of repulsion (worn)
 f - a +2 pair of boots of flying (worn)
 g - a +2 ring mail of cold resistance
 n - a +0 pair of gloves (worn)
 y - a +0 chain mail
 C - a +0 plate armour (worn)
Jewellery
 c - a +6 ring of dexterity (right hand)
 o - a ring of poison resistance (left hand)
 r - an amulet of reflection (around neck)
 x - a ring of resist corrosion
Wands
 p - a wand of mindburst (17)
 E - a wand of iceblast (12)
Scrolls
 b - a scroll of magic mapping {unknown}
 h - a scroll of acquirement
 i - 2 scrolls of fear
 k - a scroll of vulnerability {unknown}
 l - a scroll of noise {unknown}
 m - a scroll of blinking {unknown}
 t - 2 scrolls of enchant armour {unknown}
 w - a scroll of enchant weapon {unknown}
 A - a scroll of brand weapon {unknown}
Potions
 e - a potion of haste {unknown}
 j - 4 potions of curing
 q - a potion of heal wounds {unknown}
 s - a potion of magic {unknown}
 u - 2 potions of might
 v - a potion of experience {unknown}
 z - a potion of ambrosia {unknown}
 B - a potion of lignification {unknown}
 D - a potion of flight {unknown}


   Skills:
 + Level 7.3 Fighting
 + Level 7.3 Axes
 + Level 6.8 Armour
 + Level 6.1 Dodging
 + Level 2.8 Evocations


You had 7 spell levels left.
You didn't know any spells.
Your spell library was empty.

Dungeon Overview and Level Annotations

Branches:
Dungeon (7/15)             Temple (0/1) D:7

Altars:
Ashenzari
Cheibriados
Fedhas
Kikubaaqudgha
Makhleb
Nemelex Xobeh
Xom

Shops:
D:5 ?

Annotations:
D:1 1 runed translucent door
D:3 3 runed translucent doors, Hypnoxylon's ghost, amateur MfSu; hgbash's ghost, amateur MiBe


Innate Abilities, Weirdness & Mutations

You have a pair of horns on your head.
You reflexively headbutt those who attack you in melee.


Message History

You slash the wight! You headbutt the wight!
You destroy the wight!
Trog accepts your kill.
You hit the wight. x2
The wight hits you from afar with a +3 trident.
* * * LOW HITPOINT WARNING * * *
You feel drained.
* * * LOW HITPOINT WARNING * * *
The wight hits you with a +2 long sword!
* * * LOW HITPOINT WARNING * * *
You feel drained.
* * * LOW HITPOINT WARNING * * *
The wight barely misses you. You furiously retaliate!
You headbutt the wight!
You destroy the wight!
Trog accepts your kill.
Your Dodging skill increases to level 6!
The wight hits you but does no damage.
Things that are here:
a +4 battleaxe; a +0 robe You slash the wight!
The wight is heavily damaged.
You barely miss the wight. The wight hits you with a +0 war axe!
* * * LOW HITPOINT WARNING * * *
You feel drained.
* * * LOW HITPOINT WARNING * * *
You slash the wight!
You feel the power of Trog in you as your rage grows.
You destroy the wight!
Trog accepts your kill.
You hit the wight but do no damage. You hit the wight.
The wight hits you but does no damage. The wight barely misses you.
You furiously retaliate!
You headbutt the wight!
You destroy the wight!
Trog accepts your kill.
Things that are here:
a +3 trident; a +0 robe You hit the wight.
The wight is heavily damaged.
The wight hits you with a +0 war axe!
You die...

.# #...###
#)# ##.. .#
###...#
##)##....# .#
###.##
###.)...# .#
#..#
#....#### .#
##.# ##.##.#
.# #.#
##..##.# .#
#.####))###.#
.# #....#)##
#.# .#
####.z@# #..
.# #....##
##. .#
#.#...# . .#
#..###... .#
#. ##.. .# #.
#..# .# . #.#
.# .. .. .#


You could see a wight.

Vanquished Creatures
  A wraith (D:7)
  Duvessa (D:6)
  An orc warrior (D:7)
  A sky beast (D:6)
  An ogre (D:4)
  A bullfrog (D:3)
  A gnoll sergeant (D:6)
  A scorpion (D:6)
  Dowan (D:6)
  4 wights (D:7)
  A vampire bat (D:4)
  2 centaur skeletons
  2 orc priests
  An iguana (D:5)
  2 bullfrog skeletons
  Terence (D:3)
  Natasha (thrice) (D:3)
  5 orc wizards
  A killer bee zombie (D:7)
  12 gnolls
  6 adders
  A howler monkey skeleton (D:4)
  A shadow imp (D:5)
  A white imp (D:6)
  An ufetubus (D:6)
  2 adder skeletons
  3 dart slugs
  9 orcs
  8 ball pythons
  4 bat skeletons (D:4)
  2 bat zombies (D:4)
  4 endoplasms
  2 giant cockroaches
  17 kobolds
  6 quokkas
  7 bats
  A frilled lizard (D:1)
  10 goblins
  2 rats
130 creatures vanquished.

Vanquished Creatures (others)
  A plant (D:2)
1 creature vanquished.

Grand Total: 131 creatures vanquished

Notes
Turn   | Place    | Note
-------+----------+-------------------------------------------
     0 | D:1      | dtburroughs the Minotaur Berserker began the quest for the
                  | Orb.
     0 | D:1      | Reached XP level 1. HP: 19/19 MP: 0/0
     1 | D:1      | Found a runed translucent door.
   246 | D:1      | Reached XP level 2. HP: 25/27 MP: 1/1
  1013 | D:2      | Reached ** piety under Trog
  1014 | D:2      | Reached XP level 3. HP: 33/33 MP: 2/2
  1083 | D:2      | Reached XP level 4. HP: 23/41 MP: 3/3
  1085 | D:2      | Found a faded altar of an unknown god.
  1729 | D:3      | Noticed Terence
  1745 | D:3      | Killed Terence
  1746 | D:3      | Reached XP level 5. HP: 47/47 MP: 4/4
  1852 | D:3      | Found a runed translucent gate.
  1852 | D:3      | Found a runed translucent gate.
  1948 | D:3      | Found a runed translucent gate.
  1950 | D:3      | Noticed Hypnoxylon's ghost (amateur MfSu)
  1951 | D:3      | Noticed hgbash's ghost (amateur MiBe)
  2022 | D:3      | Noticed Natasha
  2032 | D:3      | Killed Natasha
  2303 | D:3      | Noticed Natasha
  2306 | D:3      | Killed Natasha
  2307 | D:3      | Reached skill level 5 in Fighting
  2307 | D:3      | Reached skill level 5 in Axes
  2442 | D:3      | Found a blossoming altar of Fedhas.
  2449 | D:3      | Reached XP level 6. HP: 56/56 MP: 5/5
  2670 | D:3      | Noticed Natasha
  2676 | D:3      | Killed Natasha
  2847 | D:4      | Found a broken altar of Ashenzari.
  3116 | D:4      | Reached *** piety under Trog
  3412 | D:4      | Found a burning altar of Makhleb.
  3540 | D:4      | Found an ancient bone altar of Kikubaaqudgha.
  3546 | D:4      | Reached skill level 5 in Armour
  3546 | D:4      | Reached XP level 7. HP: 62/62 MP: 6/6
  3580 | D:5      | Entered Level 5 of the Dungeon
  3708 | D:5      | Found a sparkling altar of Nemelex Xobeh.
  4174 | D:5      | Found Qexti's Magic Scroll Shop.
  4282 | D:5      | Bought a scroll of identify for 28 gold pieces
  4285 | D:5      | Identified 2 scrolls of acquirement
  4290 | D:5      | Acquired a +2 pair of boots of flying
  4664 | D:5      | Found a snail-covered altar of Cheibriados.
  4666 | D:5      | Found a burning altar of Makhleb.
  4666 | D:5      | Found a burning altar of Makhleb.
  4675 | D:5      | Found a snail-covered altar of Cheibriados.
  4675 | D:5      | Found a snail-covered altar of Cheibriados.
  4675 | D:5      | Found a shimmering altar of Xom.
  4820 | D:6      | Reached skill level 5 in Dodging
  4878 | D:6      | Reached skill level 1 in Evocations
  4907 | D:6      | You are sucked into a shaft and drop 1 floor!
  4907 | D:7      | Noticed a wraith
  4911 | D:7      | Found a staircase to the Ecumenical Temple.
  4933 | D:7      | Killed a wraith
  4934 | D:7      | Reached XP level 8. HP: 42/71 MP: 7/7
  5408 | D:6      | Noticed Duvessa
  5408 | D:6      | Noticed Dowan
  5425 | D:6      | Killed Duvessa
  5429 | D:6      | Killed Dowan
  6062 | D:7      | Noticed a manticore
  6076 | D:7      | HP: 4/105 [wight (7)]
  6079 | D:7      | Slain by a wight

Illustrated notes

Levels and vault maps discovered:
D:1:      dpeg_arrival_caged_fury, layout_basic, nrook_loot_triangle
D:2:      layout_rooms, basic_ecumenical_altar, minmay_misc_feat_plants,
          minmay_goblin_kobold_house
D:3:      layout_loops_ring, fedhas_altar_fruit_tree, gammafunk_ghost_cemetery,
          st_stairs_12, uniq_terence, uniq_natasha
D:4:      layout_basic, cheibrodos_ashenzari_chains, lightli_temple_of_fire,
          kennysheep_vampire_church
D:5:      layout_loops_ring, doesnt_xom_only_xom, mainiacjoe_overflow_chevrons,
          serial_shops, nicolae_square_shop
D:6:      layout_basic, nicolae_overflow_hidden_temple,
          nicolae_ru_path_of_blood, mainiacjoe_overflow_paths, uniq_duvessa
D:7:      layout_rooms, minmay_temple_entry_mini_moons, lightli_minifort

Skill      XL: |  1  2  3  4  5  6  7  8 |
---------------+-------------------------+-----
Fighting       | 4 5 6 7 |  7.3
Axes           | 4 5 6 7 |  7.3
Armour         | 3 4 5 6 |  6.8
Dodging        | 3 4 5 6 |  6.1
Evocations     | 1 2 |  2.8

Action                   |  1- 3 |  4- 6 |  7- 9 || total
-------------------------+-------+-------+-------++-------
Melee: Hand axe          |    80 |   111 |   159 ||   350
       Headbutt          |     7 |    21 |    51 ||    79
Invok: Berserk           |     1 |       |     4 ||     5
       Trog's Hand       |       |       |     4 ||     4
  Use: Scroll            |       |       |     6 ||     6
Armor: Animal skin       |     5 |       |       ||     5
       Ring mail         |    32 |    57 |     2 ||    91
       Chain mail        |       |       |    43 ||    43
       Plate armour      |       |       |    45 ||    45
Dodge: Dodged            |    57 |    82 |    71 ||   210
       Repelled          |       |       |     1 ||     1
Block: Other             |       |    20 |    27 ||    47
       Reflection        |       |     2 |     2 ||     4
